 Dungeon Crawl Stone Soup version 0.31-a0-182-gc5ef74bbde (webtiles) character file.

Game seed: 14722149058726272256

144 Maxmaps the Shooter (level 5, -2/38 HPs)
             Began as a Demonspawn Hexslinger on June 21, 2023.
             Slain by a sleepcap (5 damage)
             ... on level 3 of the Dungeon.
             The game lasted 00:03:27 (3310 turns).

Maxmaps the Shooter (Demonspawn Hexslinger)         Turns: 3310, Time: 00:03:28

Health: -2/38      AC:  4    Str:  8    XL:     5   Next: 5%
Magic:  6/6        EV: 11    Int: 16    God:
Gold:   157        SH:  0    Dex: 16    Spells: 5/6 levels left

rFire   . . .        a - +1 sling
rCold   . . .        (no shield)
rNeg    . . .        f - +0 leather armour
rPois   .            (no helmet)
rElec   .            (no cloak)
rCorr   .            (no gloves)
SInv    .            (no boots)
Will    .....        (no amulet)
Stlth   +            (no ring)
HPRegen 0.26/turn    (no ring)
MPRegen 0.20/turn

%: no passive effects
@: no status effects
A: rugged brown scales 1, magic regeneration
a: no special abilities


You were on level 3 of the Dungeon.
You visited 1 branch of the dungeon, and saw 4 of its levels.

You collected 157 gold pieces.

Inventory:

Hand Weapons
 a - a +1 sling (weapon)
Armour
 c - a +0 robe
 f - a +0 leather armour (worn)
Scrolls
 b - a scroll of poison
 d - 2 scrolls of vulnerability {unknown}
 e - 2 scrolls of enchant armour {unknown}
 g - 3 scrolls of fog {unknown}
 j - 2 scrolls of noise {unknown}
 k - a scroll of immolation {unknown}
 l - a scroll of blinking {unknown}
 m - 2 scrolls of teleportation {unknown}
 n - 2 scrolls of enchant weapon {unknown}
Potions
 h - a potion of resistance {unknown}
 i - a potion of heal wounds {unknown}


   Skills:
 - Level 1.0 Fighting
 + Level 4.8 Ranged Weapons
 - Level 1.7 Dodging
 - Level 1.0 Spellcasting
 - Level 3.0 Hexes


You had 5 spell levels left.
You knew the following spells:

 Your Spells              Type           Power      Damage    Failure   Level
a - Slow                  Hex            40%        N/A       10%         1

Your spell library contained the following spells:

 Spells                   Type           Power      Damage    Failure   Level
 Freeze                   Ice            0%         1d3       32%         1
 Inner Flame              Hex/Fire       5%         N/A       47%         3
 Portal Projectile        Hex/Tloc       10%        N/A       47%         3
 Cause Fear               Hex            5%         N/A       67%         4
 Frozen Ramparts          Ice            0%         1d1       69%         3
 Hailstorm                Conj/Ice       0%         3d3       69%         3
 Anguish                  Hex/Necr       2%         N/A       87%         4
 Ice Form                 Ice/Tmut       0%         N/A       97%         4
 Simulacrum               Ice/Necr       0%         N/A       100%        6
 Enfeeble                 Hex            5%         N/A       100%        7


Dungeon Overview and Level Annotations

Branches:
Dungeon (4/15)
 Temple: D:4-7

Altars:

Shops:
D:1 [   D:4 :


Innate Abilities, Weirdness & Mutations

You are partially covered in rugged brown scales. (AC +1, +3% HP)
You regenerate magic rapidly.


Message History

You are unaffected.
You are too injured to fight recklessly!
You are too injured to fight recklessly!
Unknown command.
You are too injured to fight recklessly!
There is a stone staircase leading up here.
The sleepcap releases spores at you.
* * * LOW HITPOINT WARNING * * *
You climb upwards.
There is a stone staircase leading down here.
Fire: a) +1 sling
Press: ? - help, Shift-Dir - straight line, f - sleepcap
Aim: a sleepcap (heavily damaged, 98% to hit)
You shoot a sling bullet. The sling bullet hits the sleepcap.
The sleepcap is severely damaged.
The sleepcap releases spores at you.
* * * LOW HITPOINT WARNING * * *
Fire: a) +1 sling
Press: ? - help, Shift-Dir - straight line, f/p - sleepcap
Aim: a sleepcap (severely damaged, 98% to hit)
You shoot a sling bullet.
The sling bullet hits the sleepcap but does no damage.
The sleepcap is severely damaged.
The sleepcap releases spores at you.
* * * LOW HITPOINT WARNING * * *
Fire: a) +1 sling
Press: ? - help, Shift-Dir - straight line, f/p - sleepcap
Aim: a sleepcap (severely damaged, 98% to hit)
You shoot a sling bullet. The sling bullet hits the sleepcap.
The sleepcap is almost destroyed.
The sleepcap releases spores at you but does no damage.
The sleepcap barely misses you.
Fire: a) +1 sling
Press: ? - help, Shift-Dir - straight line, f/p - sleepcap
Aim: a sleepcap (almost destroyed, 98% to hit)
You shoot a sling bullet.
The sling bullet hits the sleepcap but does no damage.
The sleepcap is almost destroyed.
The sleepcap releases spores at you.
You die...

## #.# #.........# .# #.#
#########.# .# #.# #.# .# #.#
#.# .# #.###################.#
.# #..................##.#
.############.#.##########.##.#
............#.#.f#...# #.##.#
..............).@#.#.# #.##.#
###########.#.#..#.#.# #.##.#
##...#..#.#.# #.##.##
##########.......#.#.# #.....#
..)).....'.........#.# #######
##########.......###.#
.........'....<......#
##########.......#####
.........'.......#


You could see a sleepcap.

Vanquished Creatures
  An orc wizard (D:4)
  3 adders
  12 orcs
  2 ball pythons
  8 endoplasms
  3 giant cockroaches
  7 goblins
  5 hobgoblins
  4 jackals (D:4)
  6 quokkas
  4 bats
  10 frilled lizards
  5 kobolds
  5 rats
75 creatures vanquished.

Notes
Turn   | Place    | Note
-------+----------+-------------------------------------------
     0 | D:1      | Maxmaps the Demonspawn Hexslinger began the quest for the
                  | Orb.
     0 | D:1      | Reached XP level 1. HP: 15/15 MP: 2/2
     2 | D:1      | Noticed a demonspawn
     2 | D:1      | Noticed an armataur
     4 | D:1      | Noticed a spriggan
     4 | D:1      | Noticed an octopode
     6 | D:1      | Noticed a minotaur
     8 | D:1      | Noticed a ghoul
    10 | D:1      | Noticed a demigod
    12 | D:1      | Noticed a vampire
    12 | D:1      | Noticed an elf
    14 | D:1      | Noticed a human
    14 | D:1      | Noticed a naga
    16 | D:1      | Noticed a troll
    16 | D:1      | Noticed a felid
    18 | D:1      | Noticed a meteoran
    18 | D:1      | Noticed a vine stalker
    20 | D:1      | Noticed a tengu
    20 | D:1      | Noticed an ogre
    22 | D:1      | Noticed a merfolk
    22 | D:1      | Noticed a gargoyle
    24 | D:1      | Noticed a formicid
    24 | D:1      | Noticed a formicid
    26 | D:1      | Noticed a demigod
    26 | D:1      | Noticed a formicid
    33 | D:1      | Reached skill level 2 in Ranged Weapons
    61 | D:1      | Found Ysedaac's Antique Armour Shoppe.
    69 | D:1      | Gained mutation: You are partially covered in rugged brown
                  | scales. (AC +1, +3% HP) [demonic ancestry]
    69 | D:1      | Reached XP level 2. HP: 15/21 MP: 3/3
  1006 | D:2      | Reached skill level 3 in Ranged Weapons
  1006 | D:2      | Gained mutation: You regenerate magic rapidly. [demonic
                  | ancestry]
  1006 | D:2      | Reached XP level 3. HP: 9/26 MP: 4/4
  1975 | D:3      | Reached XP level 4. HP: 6/32 MP: 5/5
  2089 | D:3      | Reached skill level 4 in Ranged Weapons
  2949 | D:4      | Reached XP level 5. HP: 15/38 MP: 6/6
  3187 | D:4      | Found Mitsaderer's Book Emporium.
  3299 | D:4      | Noticed an ogre
  3310 | D:3      | Slain by a sleepcap

Illustrated notes

Levels and vault maps discovered:
D:1:      kb_arrival_jail, layout_basic, serial_shops, shop, nrook_campfire,
          minmay_lizard_pond
D:2:      layout_basic, minivault_4, chequers_serial_rivers_micro_d,
          kennysheep_small_spiral
D:3:      layout_basic, eino_tiny_chamber
D:4:      layout_basic, mainiacjoe_overflow_six_doors_small,
          nzn_hepliaklqana_mist_gate, serial_glass, glass_columns_c,
          glass_columns_b, feat_on_display, feat_on_display,
          due_unseen_surprise, minmay_strange_pillars, serial_shops,
          kennysheep_little_box

Skill      XL: |  1  2  3  4 |
---------------+-------------+-----
Ranged Weapons | 2 3 4 |  4.8
Fighting       | |  1.0
Dodging        | |  1.7
Spellcasting   | |  1.0
Hexes          | |  3.0

Action                     |  1- 3 |  4- 6 || total
---------------------------+-------+-------++-------
  Melee: Sling             |       |     1 ||     1
   Fire: Sling             |   149 |   108 ||   257
 Armour: Leather armour    |    32 |    25 ||    57
         Robe              |     1 |       ||     1
  Dodge: Dodged            |    59 |    44 ||   103

Table legend: (Time is in decaauts)
 A = Elapsed time spent in this place.
 B = Non-inter-level travel time spent in this place.
 C = Inter-level travel time spent in this place.
 D = Time resting spent in this place.
 E = Time spent auto-exploring this place.
 F = Levels seen in this place.
 G = Mean time per level.
                   A        B        C        D        E       F      G
               +--------+--------+--------+--------+--------+-----+--------+
         Total |   3379 |   3246 |    133 |    254 |   2509 |   4 |  844.8 |
       Dungeon |   3379 |   3246 |    133 |    254 |   2509 |   4 |  844.8 |
               +--------+--------+--------+--------+--------+-----+--------+

Top non-repeatable levels by time:
     D:3: 1043 daAuts
     D:2: 1017 daAuts
     D:1: 883 daAuts
     D:4: 436 daAuts
